[Event "Romanian Team Blitz Open 2022"]
[Site "Sebes"]
[Date "2022.12.04"]
[Round "3.12"]
[White "Prelipcean, Eric-Matei"]
[Black "Cnejev, Vladimir-Alexandru"]
[Result "0-1"]
[ECO "C91"]
[WhiteElo "1909"]
[BlackElo "2293"]
[Annotator "TA"]
[PlyCount "66"]
[EventDate "2022.12.04"]
[EventType "blitz"]
[EventCountry "ROU"]
[SourceTitle "playchess.com"]
[Source "ChessBase"]
[SourceQuality "1"]
[TimeControl "180+2"]

1. e4 e5 2. Nf3 Nc6 3. Bb5 a6 4. Ba4 b5 5. Bb3 Bb7 6. O-O Be7 7. c3 Nf6 8. Re1 O-O 9. d4 d6 10. Nbd2 h6 11. Bc2 {[%emt 0:00:05] C91: Closed Ruy Lopez: 7...d6 8 c3 0-0 9 d4.} Re8 12. Nf1 Bf8 13. Ng3 {[%emt 0:00:00] White is slightly better.} g6 14. a4 Bg7 {[%emt 0:00:15] [#]} 15. b3 $146 ({Predecessor:} 15. Bd3 exd4 16. axb5 axb5 17. Rxa8 Qxa8 18. cxd4 Qa4 19. b3 Qa6 20. Bd2 Nd7 21. Qe2 {½-½ (54) Lakatos,S (2399)-Mueller,G (2600) ICCF email 2008}) 15... exd4 16. cxd4 Nb4 17. Bb1 c5 18. Bb2 bxa4 19. bxa4 a5 20. Bc3 Rc8 21. Bxb4 (21. Ra3 $1 $11 {keeps the balance.}) 21... axb4 $17 22. dxc5 $2 {[%emt 0:00:47] [#]} (22. a5 $17) 22... dxc5 $19 {[%emt 0:00:00] Threatens to win with ...Qxd1.} 23. e5 Qxd1 24. Rxd1 Ng4 25. Bd3 Nxe5 (25... Bxe5 $2 {perishes.} 26. Nxe5 Nxe5 27. Bb5 $17) 26. Nxe5 Bxe5 {This pair of bishops is nice.} (26... Rxe5 $2 {too greedy.} 27. Rab1 $19) 27. Rac1 (27. Rab1 {was the only defense.}) 27... Red8 (27... b3 $142 28. Bb5 Red8) 28. Ne2 $2 (28. Bc4) 28... c4 29. Bb1 Rxd1+ 30. Rxd1 c3 31. Rc1 $2 (31. Bc2) 31... b3 {[%emt 0:00:00][%cal Bb4b3,Bb3b2][%mdl 32] [#] aiming for ...b2. Black is clearly winning.} 32. f4 Bf6 {[%emt 0:00:01] White must now prevent ...c2.} 33. Bd3 b2 {[%emt 0:00:07] Weighted Error Value: White=1.03/Black=0.47} 0-1

[Event "Romanian Team Blitz Open 2022"]
[Site "Sebes"]
[Date "2022.12.04"]
[Round "3.13"]
[White "Stefan, Romulus-Cristian"]
[Black "Anton, Teodor"]
[Result "1/2-1/2"]
[ECO "A46"]
[WhiteElo "2097"]
[BlackElo "2438"]
[Annotator "TA"]
[PlyCount "35"]
[EventDate "2022.12.04"]
[EventType "blitz"]
[EventCountry "ROU"]
[SourceTitle "playchess.com"]
[Source "ChessBase"]
[SourceQuality "1"]
[TimeControl "180+2"]

1. d4 Nf6 2. Nf3 e6 3. Bg5 c5 4. e3 b6 5. d5 exd5 6. Nc3 Be7 {[%emt 0:00:12] A46: 1 d4 Nf6 2 Nf3 e6: Torre, London and Colle Systems.} 7. Nxd5 Nxd5 (7... Bb7 $14 8. Bc4 O-O) 8. Qxd5 $16 Nc6 {[%emt 0:00:03] White is clearly better.} 9. O-O-O {[%emt 0:00:15] [#]} Bxg5 $146 ({Predecessor:} 9... O-O 10. Bb5 Qe8 11. h4 h6 12. Bf4 Bf6 13. g4 a6 14. Bd3 Qe6 15. Qe4 Qxe4 16. Bxe4 {1-0 (54) Annaberdiev,M (2457)-Adianto,U (2589) Doha 2006}) 10. Nxg5 O-O 11. Bc4 Qe7 12. Qf5 g6 13. Qf4 Kg7 {[%emt 0:00:32] [#]} 14. h4 $1 (14. Qh4 h6 15. Nf3 Qxh4 16. Nxh4 Ne5 $14) 14... Qe5 15. Qf3 {[%emt 0:00:16] And now Rd5 would win.} ({Worse is} 15. Nxf7 Qxf4 16. exf4 Rxf7 17. Bxf7 Kxf7 $11) 15... Qe7 16. Qf4 {[%emt 0:00:06] White has more active pieces. The black rooks are badly placed.} (16. Qg3 $16) 16... Qe5 $18 {[%emt 0:00:07] [#]} 17. Qf3 ({Stronger than} 17. Nxf7 Qxf4 18. exf4 Rxf7 19. Bxf7 Kxf7 $11) (17. h5 $1 $18 {[%cal Rh5g6] Strongly threatening hxg6.} Qxf4 18. exf4) 17... Qe7 $1 $16 18. Qf4 {[%emt 0:01:24] Weighted Error Value: White=0.51/Black=0.12 (very precise)} ({White should play} 18. Qg3 $16) 1/2-1/2

[Event "Romanian Team Blitz Open 2022"]
[Site "Sebes"]
[Date "2022.12.04"]
[Round "3.14"]
[White "David, Alexandru-Vasile"]
[Black "Arion, Ilie"]
[Result "1-0"]
[ECO "A57"]
[WhiteElo "2404"]
[BlackElo "1924"]
[Annotator "TA"]
[PlyCount "71"]
[EventDate "2022.12.04"]
[EventType "blitz"]
[EventCountry "ROU"]
[SourceTitle "playchess.com"]
[Source "ChessBase"]
[SourceQuality "1"]
[TimeControl "180+2"]

1. d4 Nf6 2. c4 c5 3. d5 b5 4. Qc2 b4 5. e4 d6 6. Bd3 {[%emt 0:00:05] A57: Benko/Volga Gambit.} g6 7. Ne2 {[%emt 0:00:07] 7.Nf3 is a critical line.} Bg7 8. O-O {[%emt 0:00:02] The position is equal.} O-O 9. Nd2 {[%emt 0:00:04] [#]} e6 $146 ({Predecessor:} 9... Nbd7 10. f4 a5 11. a4 e6 12. Nf3 exd5 13. exd5 Re8 14. h3 Rb8 15. Bd2 Ba6 {½-½ (44) Koneru,H (2586)-Zuriel,M (2174) Chennai 2022}) 10. Ng3 exd5 11. cxd5 Nbd7 12. Nc4 Nb6 13. Bf4 Nxc4 14. Bxc4 Re8 15. Rad1 a5 (15... Ng4 $11 {is superior.}) 16. Rfe1 ({White should play} 16. e5 $14 dxe5 17. Bg5) 16... Bb7 (16... Ng4 $1 $11) 17. h3 $36 {[%emt 0:00:00][%mdl 2048] White is more active.} (17. Bb5 $5 ) 17... Qc7 18. Nf1 Nd7 19. Ne3 Ne5 20. Bb5 Rf8 21. Bh2 Ba6 22. Bxa6 {[%emt 0:00:00] White is more active.} Rxa6 23. f4 {[%emt 0:00:00] Prevents a4.} Nd7 24. Nc4 Bd4+ 25. Kh1 Qb7 (25... Nb6 $14) 26. Bg1 Bg7 {[%emt 0:00:15] This move loses the game for Black.} (26... Bxg1 $16 {was worth a try.} 27. Kxg1 (27. Rxg1 f6 $14) 27... f6) 27. e5 $18 dxe5 28. fxe5 {[%emt 0:00:00] [#] Hoping for e6.} Re8 {[%emt 0:00:01] Inhibits e6.} 29. Bh2 Re7 $2 (29... a4 {is more resistant.} 30. Nd6 b3 31. axb3 axb3) 30. Qf2 (30. e6 $142) 30... Qb5 (30... Nf8 $142 31. Qxc5 Rc7) 31. Nd6 Qb6 (31... Rxd6 $142 32. exd6 Rxe1+ 33. Rxe1 Bf6) 32. Nc8 {[%emt 0:00:00] White is clearly winning.} Qd8 33. Nxe7+ Qxe7 34. e6 fxe6 35. Qe2 e5 36. Qxa6 {[%emt 0:00:38] Weighted Error Value: White=0.24 (precise) /Black=0.37} 1-0

[Event "Romanian Team Blitz Open 2022"]
[Site "Sebes"]
[Date "2022.12.04"]
[Round "3.15"]
[White "Craciun, Ovidiu"]
[Black "Ghimpu, Samuel-Timotei"]
[Result "0-1"]
[ECO "B06"]
[WhiteElo "1857"]
[BlackElo "2455"]
[Annotator "TA"]
[PlyCount "52"]
[EventDate "2022.12.04"]
[EventType "blitz"]
[EventCountry "ROU"]
[SourceTitle "playchess.com"]
[Source "ChessBase"]
[SourceQuality "1"]
[TimeControl "180+2"]

1. e4 g6 2. d4 Bg7 3. Be3 d6 4. Qd2 Nd7 5. h4 h5 6. Nc3 a6 7. Nh3 {[%emt 0:00:02] B06: Modern Defence.} b5 8. a3 Bb7 9. f3 {[%emt 0:00:02] The position is equal.} c5 10. dxc5 Nxc5 {[%emt 0:00:02] [#]} 11. Nf2 $146 ({Predecessor:} 11. Bd4 Bxd4 12. Qxd4 e5 13. Qf2 Nf6 14. O-O-O Rc8 15. Bxb5+ axb5 16. Nxb5 d5 17. exd5 {0-1 (27) Lokesh,N (2255)-Sivuk,V (2566) New Delhi 2016}) 11... Rc8 12. Bd3 Nf6 13. Rd1 Nfd7 14. Be2 Ne5 15. Nd3 $2 (15. f4 $11 Ned7 16. O-O) 15... Nc4 $19 16. Qc1 Nxd3+ 17. Rxd3 {[%emt 0:00:02] [#]} Nxa3 $1 {[%emt 0:00:02][%mdl 512] Black is more active.} 18. Bd4 e5 (18... Bxd4 $142 19. Rxd4 O-O) 19. Be3 {[%emt 0:00:02] Against Qb6} Nc4 $36 {[%emt 0:00:02][%mdl 2048] Black is really pushing.} 20. b3 (20. Bg5 $17 f6 21. Bd2) 20... Nxe3 21. Qxe3 Bh6 22. Qf2 {[%emt 0:00:04] [#]} (22. Qa7 Rc7 23. Qb6) 22... Qa5 {[%emt 0:00:02] Black is clearly winning.} 23. O-O Rxc3 24. Qa7 Rxd3 25. Bxd3 Qc7 26. Kh2 O-O {[%emt 0:00:02] Weighted Error Value: White=0.69/Black=0.24 (precise)} 0-1

[Event "Romanian Team Blitz Open 2022"]
[Site "Sebes"]
[Date "2022.12.04"]
[Round "3.16"]
[White "Talu, Mircea"]
[Black "Stefan, Iulia-Cristiana"]
[Result "1-0"]
[ECO "A26"]
[WhiteElo "2327"]
[BlackElo "1662"]
[Annotator "TA"]
[PlyCount "61"]
[EventDate "2022.12.04"]
[EventType "blitz"]
[EventCountry "ROU"]
[SourceTitle "playchess.com"]
[Source "ChessBase"]
[SourceQuality "1"]
[TimeControl "180+2"]

1. Nf3 g6 2. g3 Bg7 3. Bg2 e5 4. d3 Nc6 5. c4 d6 6. Nc3 Nh6 7. O-O O-O {[%emt 0:00:02] A26: English Opening vs King's Indian with ...Nc6 and d3.} 8. Rb1 f5 9. b4 {[%emt 0:00:40][%cal Bb2b4,Bb4b5][%mdl 32] [#]} Qd7 $146 {[%emt 0:00:56] White has an edge.} ({Predecessor:} 9... Nf7 10. b5 Ne7 11. Qb3 h6 12. Ne1 g5 13. a4 Rb8 14. Nc2 Be6 15. Be3 b6 {0-1 (40) Lomakina,G (2089)-Ipatov,A (2486) Voronezh 2009}) 10. b5 Nd8 11. Ng5 f4 (11... Nhf7 $11) 12. e3 $36 {[%emt 0:00:40][%cal Re3f4][%mdl 2048] White has some pressure. White is more active.} Kh8 ({Better is} 12... Ndf7 $14 13. Nge4 (13. gxf4 exf4 14. Nge4 fxe3 $11) 13... fxg3) 13. exf4 $18 Nf5 14. fxe5 dxe5 15. Nd5 c6 16. Ne3 Nd4 17. bxc6 bxc6 18. Bb2 N8e6 (18... Rb8 $16 19. Ba3 Rxb1 20. Qxb1 Re8) 19. Nxe6 Nxe6 20. Re1 {[%emt 0:00:07] Black must now prevent Ng4.} Rd8 $2 {[%emt 0:00:12] [#]} (20... Qc7 21. Bc3 Nd4) 21. Ng4 Nd4 (21... e4 $142 22. Ne5 Bxe5) 22. Nxe5 Qc7 23. Bxd4 Rxd4 24. Nxc6 {[%emt 0:00:02] [#] And now Re8+ would win.} Rd8 {[%emt 0:00:13] Inhibits Re8+.} 25. Nxd8 Qxd8 26. Bxa8 {[%emt 0:00:02] White wants to mate with Bc6.} Bh3 27. Qf3 {[%emt 0:00:04] White mates.} h6 28. Bd5 Kh7 29. Qf7 Qc8 30. Rb7 Qh8 31. Ree7 {[%emt 0:00:04] Black got outplayed after the opening.   Weighted Error Value: White=0.09 (flawless) /Black=0.64} 1-0

[Event "Romanian Team Blitz Open 2022"]
[Site "Sebes"]
[Date "2022.12.04"]
[Round "3.17"]
[White "Costachi, Mihnea"]
[Black "Dragomirescu, Robin-Alexandru"]
[Result "1-0"]
[ECO "A40"]
[WhiteElo "2476"]
[BlackElo "2337"]
[Annotator "TA"]
[PlyCount "73"]
[EventDate "2022.12.04"]
[EventType "blitz"]
[EventCountry "ROU"]
[SourceTitle "playchess.com"]
[Source "ChessBase"]
[SourceQuality "1"]
[TimeControl "180+2"]

1. d4 Nc6 2. d5 Ne5 3. g3 d6 4. Bg2 Nf6 5. f4 Ng6 (5... Ned7 $11 {remains equal.}) 6. e4 $16 {[%emt 0:00:03] A40: Unusual replies to 1 d4.} e5 7. dxe6 fxe6 8. Nc3 {[%emt 0:00:02] [#] White is better.} Be7 $146 ({Predecessor:} 8... c6 9. Be3 Qa5 10. Qe2 Bd7 11. Bd2 Qc7 12. Nf3 e5 13. O-O-O exf4 14. gxf4 O-O-O {1-0 (28) Todorcevic,M (2505)-Ferron Garcia,C (2345) Las Palmas 1994}) 9. Nf3 O-O 10. O-O c6 11. Qe2 d5 12. Kh1 Bb4 13. e5 Bxc3 14. bxc3 Ne4 15. c4 b6 16. Ba3 (16. cxd5 $14 cxd5 17. Nd4) 16... Ba6 $11 17. Nd2 (17. Bxf8 $11 Bxc4 {[#]} 18. Qe3 $1 Bxf1 19. Rxf1 Nxf8 20. Nd4) 17... Nxd2 $1 $17 18. Qxd2 Bxc4 19. Rf2 c5 20. Bh3 Qe7 21. c3 Rad8 22. Re1 Qd7 23. f5 exf5 {[%emt 0:00:06] [#] Strongly threatening ...Rde8.} 24. e6 Qb7 25. Bxf5 d4+ (25... Ne7 $17 26. Bh3 Rxf2 27. Qxf2 Rf8) 26. Kg1 $1 $15 Ne7 27. Be4 Bd5 (27... Qa6 $5 28. Bc1 Qa5 29. cxd4 Qxd2 30. Rxd2 Rxd4 $15) 28. Bxd5 (28. Bd3 $1 $11 {keeps the balance.}) 28... Qxd5 $17 29. Rxf8+ Rxf8 30. cxd4 Rf3 (30... Nf5 $17 31. Bb2 (31. e7 Re8 $17) 31... Nxd4 32. Bxd4 Qxd4+ 33. Qxd4 cxd4) 31. Bb2 $11 cxd4 32. Qxd4 Qxd4+ 33. Bxd4 {[%emt 0:00:01] KRB-KRN} Rd3 34. Bb2 g6 35. Re2 Nd5 $2 (35... Kf8 $11 {and Black has nothing to worry.}) 36. e7 $18 Rd1+ 37. Kf2 {[%emt 0:00:01] Never resign too early!   Weighted Error Value: White=0.17 (very precise) /Black=0.35} 1-0

[Event "Romanian Team Blitz Open 2022"]
[Site "Sebes"]
[Date "2022.12.04"]
[Round "3.18"]
[White "Ionescu, Mihai"]
[Black "Sfarlog, Tudor-Vlad"]
[Result "1/2-1/2"]
[ECO "A42"]
[WhiteElo "2243"]
[BlackElo "2283"]
[Annotator "TA"]
[PlyCount "78"]
[EventDate "2022.12.04"]
[EventType "blitz"]
[EventCountry "ROU"]
[SourceTitle "playchess.com"]
[Source "ChessBase"]
[SourceQuality "1"]
[TimeControl "180+2"]

1. Nf3 g6 2. d4 Bg7 3. g3 d6 4. Bg2 Nd7 5. O-O e5 6. c4 Ne7 7. Nc3 O-O 8. e4 exd4 9. Nxd4 Nc6 10. Be3 Nde5 {[%emt 0:00:02] A42: Modern Defence: Averbakh Variation.} 11. Nxc6 bxc6 12. Qa4 c5 {[%emt 0:00:27] Black is slightly better.} 13. Rad1 Bd7 14. Qa6 Qc8 (14... Bg4 $15 15. f3 Bc8) 15. Qxc8 $11 {[%emt 0:00:00] [#]} Rfxc8 $146 ({Predecessor:} 15... Raxc8 16. Nd5 Nxc4 17. Ne7+ Kh8 18. Nxc8 Nxe3 19. fxe3 Bxc8 20. Rf2 Be6 21. Bf1 Be5 {0-1 (60) Bao,K (2257)-Djuraev,S (2375) Ho Chi Minh City 2012}) 16. Nd5 {[%emt 0:00:00] Threatens to win with Ne7+.} (16. b3 $5 ) 16... Nxc4 17. Ne7+ Kf8 $1 18. Nxc8 Nxe3 19. fxe3 {[%emt 0:00:00][%cal Oc8d6] Nxd6! is the strong threat.} Rxc8 20. b3 Be5 {[%emt 0:00:05][%mdl 1024] Black has compensation.} 21. Rf2 Ke7 22. Bf1 a5 23. Bc4 f6 24. a4 (24. Kg2 $11) 24... Rb8 $15 25. Rc2 Rb4 26. Kg2 Be6 (26... h5 $17) 27. Bxe6 $11 Kxe6 {[%emt 0:00:01][%mdl 4096] Endgame KRR-KRB} 28. Rd3 Rxe4 (28... h5 $11) 29. Kf3 ({Only move:} 29. Rc4 $1 $14 Rxc4 30. bxc4) 29... f5 $2 (29... Rb4 $15 {keeps the upper hand.}) 30. Rc4 $16 Rxc4 31. bxc4 {[%emt 0:00:00] KR-KB} c6 32. e4 {[%emt 0:00:05] Against d5} ({White should play} 32. Rb3 $1) 32... Bd4 (32... fxe4+ $16 33. Kxe4 h5) 33. h3 (33. exf5+ $18 gxf5 34. Rb3) 33... Ke5 ({Better is} 33... d5 $14 34. cxd5+ cxd5 35. exf5+ (35. exd5+ Kxd5 36. Rb3 Kc4 $17) 35... gxf5) 34. exf5 $18 gxf5 35. Rd1 (35. Rb3 $1 $18) 35... d5 $16 36. Re1+ Kd6 {[%emt 0:00:04] [#]} 37. Rc1 (37. g4 $1 $16) 37... Ke5 38. Re1+ $2 (38. Rf1 $11) 38... Kd6 $1 {[%emt 0:00:01] [#]} 39. Rc1 $2 ({White should try} 39. g4 $1 $16) 39... Ke5 {[%emt 0:01:32] Weighted Error Value: White=0.38/Black=0.35} 1/2-1/2

[Event "Romanian Team Blitz Open 2022"]
[Site "Sebes"]
[Date "2022.12.04"]
[Round "3.19"]
[White "Ileana, George"]
[Black "Dragomirescu, Calin"]
[Result "0-1"]
[ECO "B07"]
[WhiteElo "2343"]
[BlackElo "1971"]
[Annotator "TA"]
[PlyCount "40"]
[EventDate "2022.12.04"]
[EventType "blitz"]
[EventCountry "ROU"]
[SourceTitle "playchess.com"]
[Source "ChessBase"]
[SourceQuality "1"]
[TimeControl "180+2"]

1. e4 g6 2. d4 Bg7 3. Be3 d6 4. f3 Nf6 5. Nc3 a6 6. Qd2 {[%emt 0:00:03] B07: Pirc Defence: Miscellaneous Systems.} b5 7. O-O-O Bb7 8. h4 {[%emt 0:00:01] White is slightly better.} h5 9. Nh3 (9. e5 $5 ) 9... O-O (9... Nbd7 $11 {keeps the balance.}) 10. Ng5 (10. e5 $16) 10... Nbd7 $11 11. Kb1 (11. g4 {looks sharper.} c5 12. gxh5 Nxh5 13. dxc5 Nxc5 14. Bd4) 11... Rc8 {[%emt 0:00:01] [#]} ({Better is} 11... c5 $11) 12. f4 $146 (12. g4 $14 {stays ahead.}) ({Predecessor:} 12. g4 hxg4 13. h5 gxh5 14. fxg4 b4 15. Nd5 Nxe4 16. Nxe4 Bxd5 17. Bd3 f5 18. gxf5 Bxe4 19. Bxe4 {1-0 (29) Garcia,J (2024)-Pleasants,A (2075) Cardiff 2019}) 12... b4 $17 13. Nd5 {[%emt 0:00:12] [#]} (13. Na4 $17) 13... Bxd5 $2 ({Black should play} 13... Nxe4 $1 $19 14. Nxe4 Bxd5) 14. exd5 $15 Nxd5 15. Bf2 (15. Bc4 $11 N7b6 16. Bd3) 15... Rb8 $17 {[%emt 0:00:12][%cal Od5c3] And now ...Nc3+! would win.} 16. Bxa6 (16. Ka1 $17) 16... c6 ({Black should try} 16... c5 $19 {[%cal Od5c3] Strongly threatening ...Nc3+!} 17. Qe2 Nxf4) 17. Bc4 {[%emt 0:00:06] [#]} (17. Ka1 $17 {keeps fighting.}) 17... N7f6 (17... Nc3+ $1 $19 {[%mdl 512] has better winning chances.} 18. Ka1 Nxd1 19. Rxd1 d5) 18. Rde1 {[%emt 0:00:07] [#]} Qa5 (18... Nc3+ $142 $1 19. Ka1 (19. Kc1 d5) 19... d5) 19. Ne4 $2 (19. Bb3 $17) 19... Nxe4 $19 20. Rxe4 {[%emt 0:00:02] [#]} Nc3+ $1 {[%emt 0:00:04][%mdl 512] Weighted Error Value: White=1.08/Black=0.48} 0-1

[Event "Romanian Team Blitz Open 2022"]
[Site "Sebes"]
[Date "2022.12.04"]
[Round "3.20"]
[White "Santimbrean, Mihnea-Nicolae"]
[Black "Negrean, Andrei"]
[Result "0-1"]
[ECO "B20"]
[WhiteElo "1491"]
[BlackElo "1991"]
[Annotator "TA"]
[PlyCount "61"]
[EventDate "2022.12.04"]
[EventType "blitz"]
[EventCountry "ROU"]
[SourceTitle "playchess.com"]
[Source "ChessBase"]
[SourceQuality "1"]
[TimeControl "180+2"]

1. e4 c5 2. g3 Nc6 3. Bg2 g6 4. f4 Bg7 5. Nf3 d6 6. d3 e6 7. O-O Nge7 8. c3 Rb8 {[%emt 0:00:06] B20: Sicilian: Unusual White 2nd moves.} 9. a4 a6 {[%emt 0:00:04] [#]} 10. Kh1 $146 ({Predecessor:} 10. Be3 O-O 11. Bf2 b5 12. axb5 axb5 13. Nbd2 b4 14. Qc2 Bb7 15. Rfe1 Qc7 16. Nc4 {½-½ (24) Kovacevic,B (2457)-Kojovic,D (2407) Neum 2007}) 10... b5 {[%emt 0:00:02] The position is equal.} 11. axb5 axb5 12. Be3 b4 {[%emt 0:00:04] Against e5} 13. d4 bxc3 14. bxc3 {[%emt 0:00:03][%cal Bb2c3,Bc3d4,Bd4e5][%mdl 32] Hoping for d5.} cxd4 15. cxd4 O-O 16. Nbd2 Bb7 17. e5 dxe5 18. dxe5 Nb4 19. Qb3 ({White should try} 19. Ba7 $11) 19... Bd5 $15 20. Qa3 {[%emt 0:00:00][%mdl 8192] [#] White does not recover from this.} (20. Qd1 $11 {and White has nothing to worry.}) 20... Nc2 $1 $19 21. Qc3 Rc8 22. Qd4 (22. Bc5 Nxa1 23. Rxa1) 22... Nxd4 23. Bxd4 Nf5 {[%emt 0:00:04] [#] White must now prevent ...Nxd4.} 24. Bb2 Ne3 {[%emt 0:00:04][%cal Oc8c2] ...Rc2! is the strong threat.} 25. Rf2 Nxg2 26. Kxg2 Rc2 27. Bd4 Bxf3+ 28. Kxf3 Qxd4 {[%emt 0:00:02] Black mates.} 29. Rd1 Rd8 30. Kg4 Qxf2 31. Nb1 {[%emt 0:00:32] Weighted Error Value: White=0.98/Black=0.11 (very precise)} 0-1

[Event "Romanian Team Blitz Open 2022"]
[Site "Sebes"]
[Date "2022.12.04"]
[Round "3.21"]
[White "Nastase, Robert-Paul"]
[Black "Baratosi, Daniel"]
[Result "1-0"]
[ECO "B00"]
[WhiteElo "2229"]
[BlackElo "2335"]
[Annotator "TA"]
[PlyCount "93"]
[EventDate "2022.12.04"]
[EventType "blitz"]
[EventCountry "ROU"]
[SourceTitle "playchess.com"]
[Source "ChessBase"]
[SourceQuality "1"]
[TimeControl "180+2"]

1. e4 b6 2. d4 Bb7 3. Bd3 g6 4. Nf3 Bg7 5. O-O d6 6. Bf4 {[%emt 0:00:23] B00: Queen's Fianchetto Defence, Nimzowitsch Defence.} Nd7 7. Nc3 e6 8. Qe2 {[%emt 0:00:03] White is slightly better.} a6 9. Rfe1 {[%emt 0:00:11] [#]} Ne7 $146 ({Predecessor:} 9... h6 10. e5 g5 11. Bg3 h5 12. exd6 cxd6 13. Ne4 Bxe4 14. Bxe4 d5 15. Bxd5 Rc8 16. Bxe6 fxe6 17. Qxe6+ Qe7 18. Qg6+ Kf8 19. Bd6 Rh6 20. Qf5+ Rf6 21. Bxe7+ {1-0 (21) Tricomi,M (1573)-McMichael,A (800) IECG email 2000}) 10. e5 d5 11. Nd1 {[%emt 0:00:13] White has more active pieces.} c5 12. c3 $1 Qc7 13. Ne3 c4 14. Bc2 O-O-O (14... h5 $16 {might work better.}) 15. Bg5 Rde8 16. Ng4 (16. b3 $18) 16... Nf5 $16 17. Qd2 (17. Bf4 $16) 17... h5 (17... h6 $1 $14) 18. Nf6 Nxf6 19. exf6 Bf8 20. Ne5 Bd6 21. h4 b5 (21... Kb8 $142) 22. a3 (22. a4 $142) 22... a5 23. f3 (23. b3 $16) 23... Rh7 24. Kf2 (24. b3 $16) 24... Qb6 ({Better is} 24... a4 $14) 25. Re2 (25. b3 $16) 25... b4 $2 ({Black should play} 25... Qc7 $14) 26. axb4 $18 axb4 27. Rh1 (27. Bxf5 $18 {and the rest is easy.} gxf5 28. Bf4) 27... b3 $16 28. Bb1 Bc7 29. Rh3 (29. Bxf5 $16 gxf5 30. Ra1) 29... Nd6 {[%emt 0:00:08] [#]} 30. Ke1 (30. Nxg6 $1 $16 {Black must now prevent Ne7+.} fxg6 31. Bxg6) 30... Qa7 $2 {[%emt 0:00:03] [#]} ({Black should try} 30... Rg8 $11) 31. Kd1 $2 ({White has to play} 31. Nxg6 $1 $16 {[%mdl 512] aiming for Ne7+.} Kb8 (31... Qa1 32. Qd1) 32. Bf4 $1) 31... Qa1 32. Kc1 (32. Qc1 $11 {and White is okay.}) 32... Nf5 (32... Ba6 $19 33. Qe3 Bb5) 33. g4 hxg4 (33... Nd6 {with more complications.} 34. Bf4 hxg4 35. fxg4 Ne4) 34. fxg4 Nd6 35. h5 Rhh8 (35... Ne4 $15 {stays ahead.} 36. Rxe4 dxe4) 36. Reh2 $2 (36. Bf4 $16 {keeps the pressure on.}) 36... gxh5 (36... Ne4 $19 {has better winning chances.} 37. Qe3 Bxe5 38. dxe5 d4 39. Qxd4 (39. cxd4 $2 Nxg5 40. Qxg5 Be4 $19) 39... Nxg5 40. Qxc4+ Kb8) 37. Rxh5 (37. Qe3 $17 {keeps fighting.}) 37... Rxh5 $19 38. Rxh5 (38. gxh5 Ne4 39. Qe3 Bxe5 40. dxe5) 38... Ne4 39. Qe3 Bd6 $2 (39... Bxe5 $19 40. dxe5 d4 41. Qxd4 Rd8 42. Qxc4+ Kb8 43. Qxb3 Qa7 $1) 40. Nxf7 $17 {[%emt 0:00:07] [#]} Ba3 41. Rh2 $1 $11 {[%emt 0:00:04] Hoping for Bf4.} (41. bxa3 Nxc3 42. Nd6+ Kd7 43. Rh7+ Kc6 44. Nxe8 (44. Rc7+ $2 Kxc7 45. Nxe8+ Kb6 $19) 44... Qxb1+ 45. Kd2 Ne4+ 46. Ke2 b2 47. Rc7+ Kb6 $19) 41... Rf8 42. Ne5 {[%emt 0:00:04] And now f7 would win. The board is on fire.} Rg8 $2 (42... Nxg5 $11 43. Qxg5 {[#]} Bxb2+ $1 44. Rxb2 Rh8) 43. Bf4 {[%emt 0:00:02] White is clearly winning.} Bd6 44. f7 Rf8 45. g5 Kc7 46. g6 Ra8 47. g7 {[%emt 0:00:01] What a bad dream for Black.   Weighted Error Value: White=0.67/Black=0.61} 1-0